AoeStats
← Dragon

Oasis

508357235Analyzed
3v3 RM · 10d ago on Sep 22, 2026· 59m 15s· 6 players
Game mode
Random Map
Map size
Normal (6 player)
Population
200
Speed
Normal
Resources
Standard
Victory
Conquest
Starting age
Dark Age
Ending age
Imperial Age
RankedLock teamsTeams togetherTeam positionsShared explorationLock speedFull tech treeHidden civsTurbo modeCheats
Victory
Defeat
🇩🇪 Saracens · Germany
1313
+13
🇩🇪 Portuguese · Germany
1285
+14
🇩🇪 Ethiopians · Germany
1284
+14
🇵🇹 Persians · Portugal
1266
-15
🇲🇽 Vietnamese · Mexico
1249
-14
🇺🇸 Japanese · United States
1210
-12
Speed_of_Anarchy
6:36 Loom
9:53 Feudal Age
9:54 Man-at-Arms
10:49 Double-Bit Axe
14:06 Fletching
16:49 Padded Archer Armor
16:54 Horse Collar
19:24 Wheelbarrow
23:54 Castle Age
22:04 Gold Mining
24:03 Crossbowman
24:40 Bodkin Arrow
25:08 Leather Archer Armor
28:45 Thumb Ring
30:53 Bow Saw
31:15 Heavy Plow
35:38 Ballistics
39:05 Imperial Age
38:40 Stone Mining
39:12 Arbalester
41:58 Chemistry
42:25 Town Watch
42:56 Hand Cart
43:29 Town Patrol
45:27 Conscription
47:30 Onager
48:43 Siege Engineers
51:41 Kataparuto
batbeetch
7:27 Loom
9:51 Feudal Age
10:37 Double-Bit Axe
12:35 Town Watch
13:35 Fletching
16:27 Horse Collar
19:37 Wheelbarrow
23:47 Castle Age
21:58 Gold Mining
24:01 Padded Archer Armor
24:50 Bow Saw
24:39 Bodkin Arrow
24:05 Crossbowman
25:05 Heavy Plow
26:08 Hand Cart
25:47 Stone Mining
26:38 Treadmill Crane
29:57 Thumb Ring
30:08 Leather Archer Armor
36:57 Imperial Age
36:13 Ballistics
37:35 Arbalester
38:16 Bracer
39:12 Crop Rotation
40:14 Siege Engineers
41:10 Chemistry
40:57 Onager
43:35 Ring Archer Armor
43:41 Elite Skirmisher
44:51 Town Patrol
45:53 Forging
45:43 Scale Mail Armor
45:47 Squires
46:50 Paper Money
46:48 Imperial Skirmisher
49:39 Stone Shaft Mining
51:59 Murder Holes
57:26 Two-Man Saw
1of4kind
6:48 Loom
9:00 Feudal Age
9:58 Double-Bit Axe
20:25 Castle Age
18:48 Scale Barding Armor
19:31 Fletching
19:54 Forging
20:29 Bloodlines
20:56 Husbandry
22:50 Bow Saw
27:09 Horse Collar
33:16 Chain Barding Armor
35:30 Imperial Age
34:17 Iron Casting
34:04 Heavy Plow
35:08 Town Watch
36:04 Wheelbarrow
36:28 Plate Barding Armor
37:09 Blast Furnace
35:41 Cavalier
39:30 Crop Rotation
38:51 Gold Mining
38:52 Stone Mining
40:03 Blast Furnace
39:11 Town Watch
41:44 Fervor
42:05 Fletching
42:49 Conscription
44:09 Two-Man Saw
43:06 Bodkin Arrow
44:22 Citadels
44:59 Savar
49:22 Wheelbarrow
48:58 Light Cavalry
50:07 Caravan
51:53 Gold Shaft Mining
58:53 Hand Cart
siggi-lok
2:07 Loom
11:45 Feudal Age
13:11 Horse Collar
18:30 Castle Age
16:38 Double-Bit Axe
17:36 Gold Mining
33:53 Imperial Age
33:41 Wheelbarrow
32:51 Town Watch
33:18 Bow Saw
33:11 Heavy Plow
33:06 Stone Mining
33:22 Scale Mail Armor
33:34 Forging
34:39 Chain Mail Armor
33:46 Pikeman
36:47 Chemistry
36:45 Halberdier
39:24 Plate Mail Armor
39:29 Iron Casting
43:51 Blast Furnace
43:11 Siege Engineers
44:25 Arquebus
52:11 Two-Man Saw
Dragon
5:32 Loom
6:53 Loom
12:20 Feudal Age
17:07 Fletching
23:18 Castle Age
23:35 Stone Mining
23:33 Double-Bit Axe
25:03 Bodkin Arrow
25:33 Bow Saw
25:06 Horse Collar
26:03 Wheelbarrow
33:06 Heavy Plow
36:49 Imperial Age
34:23 Padded Archer Armor
38:36 Scale Barding Armor
38:42 Forging
39:10 Conscription
38:12 Light Cavalry
38:56 Husbandry
38:50 Gold Mining
39:29 Bloodlines
39:30 Thumb Ring
41:22 Chain Barding Armor
41:37 Iron Casting
40:36 Elite Mameluke
43:21 Plate Barding Armor
43:22 Iron Casting
43:57 Elite Skirmisher
44:27 Light Cavalry
46:55 Bracer
47:10 Leather Archer Armor
47:56 Blast Furnace
48:50 Caravan
48:28 Hussar
Who am I
7:23 Loom
9:46 Feudal Age
10:54 Double-Bit Axe
12:47 Horse Collar
14:30 Fletching
18:33 Wheelbarrow
21:39 Padded Archer Armor
24:07 Castle Age
22:30 Gold Mining
24:24 Crossbowman
25:10 Thumb Ring
25:03 Bodkin Arrow
25:24 Leather Archer Armor
28:19 Ballistics
31:05 Bow Saw
33:35 Guard Tower
34:41 Gold Shaft Mining
34:55 Masonry
35:26 Fortified Wall
36:08 Hand Cart
39:58 Imperial Age
41:45 Chemistry
40:51 Siege Engineers
41:40 Conscription
42:35 Two-Man Saw
41:03 Arbalester
42:54 Bracer
44:23 Caravan
45:18 Scale Mail Armor
45:28 Forging
47:47 Torsion Engines
48:59 Ring Archer Armor
48:45 Chain Mail Armor
49:05 Iron Casting
50:18 Halberdier
52:45 Squires
Connection lost

Rejoining the realm…

Still unreachable

The connection could not be restored.

Session expired

The server has moved on; the page needs a fresh start.